Workbook

Sheet Tipos de Riesgo
A3: TIPOS DE RIESGO
A4: Económicos | B4: Riesgos Económicos: son los derivados del comportamiento del mercado, tales como la fluctuación de los precios de los insumos, desabastecimiento y especulación de los mismos, entre otros.
A5: Sociales | B5: Riesgos Sociales o Políticos: son los derivados de los cambios de las políticas gubernamentales y decambios en las condiciones sociales que tengan impacto en la ejecución del contrato.
A6: Operacionales | B6: Riesgos Operacionales: son los asociados a la operatividad del contrato, tales como la suficiencia del presupuesto oficial, del plazo o los derivados de procesos, procedimientos, parámetros, sistemas de información y tecnológicos, equipos humanos o técnicos inadecuados o insuficientes.
A7: Financieros | B7: Riesgos Financieros: son (i) el riesgo de consecución de financiación o riesgo de liquidez para obtener recursos para cumplir con el objeto del contrato, y (ii) el riesgo de las condiciones financieras establecidas para la obtención de los recursos, tales como plazos, tasas, garantías, contragarantías, y refinanciaciones, entre otros.
A8: Regulatorio | B8: Riesgos Regulatorios: derivados de cambios regulatorios o reglamentarios que afecten la ecuación económica del contrato.
A9: De la Naturaleza | B9: Riesgos de la Naturaleza: son los eventos naturales previsibles en los cuales no hay intervención humana que puedan tener impacto en la ejecución del contrato, por ejemplo los temblores, inundaciones, lluvias, sequías, entre otros.
A10: Ambientales | B10: Riesgos Ambientales: son los derivados de las obligaciones legales o reglamentarias de carácter ambiental, así como de la control, entre otras.s licencias, planes de manejo o de permisos y autorizaciones ambientales, incluyendo tasas retributivas y compensatorias, obligaciones de mitigación, tareas de monitoreo y
A11: Tecnológicos | B11: Riesgos Tecnológicos: son los derivados de fallas en los sistemas de comunicación de voz y de datos, suspensión de servicios públicos, nuevos desarrollos tecnológicos o estándares que deben ser tenidos en cuenta para la ejecución del contrato, obsolescencia tecnológica.
A16: PROBABILIDAD DEL RIESGO | B16: VALORACIÓN
A17: 1 | B17: Raro
A18: 2 | B18: Improbable
A19: 3 | B19: Posible
A20: 4 | B20: Probable
A21: 5 | B21: Casi cierto
A25: IMPACTO DEL RIESGO | B25: VALORACIÓN
A26: 1 | B26: Insignificante
A27: 2 | B27: Menor
A28: 3 | B28: Moderado
A29: 4 | B29: Mayor
A30: 5 | B30: Catastrófico
A33: CATEGORÍA DEL RIESGO | B33: VALORACIÓN
A34: 2 | B34: Riesgo Bajo
A35: 3 | B35: Riesgo Bajo
A36: 4 | B36: Riesgo Bajo
A37: 5 | B37: Riesgo Medio
A38: 6 | B38: Riesgo Alto
A39: 7 | B39: Riesgo Alto
A40: 8 | B40: Riesgo Extremo
A41: 9 | B41: Riesgo Extremo
A42: 10 | B42: Riesgo Extremo
A46: ETAPAS
A47: Planeación
A48: Selección
A49: Contratación
A50: Ejecución

Sheet Matriz de Riesgos (2)
F1: MATRIZ DE IDENTIFICACION Y DISTRIBUCION DE RIESGOS | W1: Codigo: GC-FT-90
W2: Versión: 1
W3: Página: 1 de 1
W4: Vigente desde: 22/03/2023
A5: CONTRATO DE INTERVENTORÍA
A6: OBJETO: | F6: REALIZAR LA INTERVENTORÍA INTEGRAL DEL CONTRATO DE CONSULTORIA CUYO OBJETO CORRESPONDE A REALIZAR EL ESTUDIO DETALLADO INTEGRAL Y PLANTEAMIENTO DE MEDIDAS DE REDUCCIÓN DE RIESGO POR MOVIMIENTOS EN MASA, INCLUYENDO SOLUCIONES BASADAS EN LA NATURALEZA, EN 11 POLÍGONOS QUE INCLUYEN LAS 22 LADERAS PRIORIZADAS PARA EL CORTO PLAZO POR EL ARTÍCULO 111 DEL DECRETO 555 DE 2021, EN BOGOTÁ, D.C
A8: Identificacion | H8: Probabilidad | J8: Impacto | P8: Impacto después de tratamiento | T8: ¿Afecta la ejecución del Contrato? | U8: Persona responsable por implementar el tratamiento | V8: Fecha estimada inicio tratamiento | W8: Fecha estimada completa tratamiento | X8: Monitoreo y Revisión
A9: No. | B9: Clase | C9: Fuente | D9: Etapa | E9: Tipo | F9: Descripción | G9: Consecuencia de la ocurrencia | H9: Categoría | I9: Valoración | J9: Categoría | K9: Valoración | L9: Valoración del Riesgo | M9: Categoría del Riesgo | N9: ¿A quién se asigna? | O9: Tratamiento/Controles | P9: Probabilidad | Q9: Impacto | R9: Valoración del Riesgo | S9: Categoría | X9: Como se realiza el monitoreo? | Y9: Periodicidad ¿Cuando?
A10: 1 | B10: General | C10: Interno | D10: Planeación | E10: Operacional | F10: Se presenta cuando la definición de la necesidad y el objeto establecido en el estudio previo, no se ajusta a la modalidad de selección aplicable. | G10: Retrasos en la revisión y ajuste del estudio previo y aprobación del mismo por parte de la Subdirección que genera la necesidad | H10: =VLOOKUP(I10,'[1]Tipos de Riesgo'!$A$17:$B$21,2,FALSE) -> Improbable | I10: 2 | J10: =VLOOKUP(K10,'[1]Tipos de Riesgo'!$A$26:$B$30,2,FALSE) -> Menor | K10: 2 | L10: =+I10+K10 -> 4 | M10: =VLOOKUP('Matriz de Riesgos (2)'!L10,'Tipos de Riesgo'!$A$34:$B$42,2,FALSE) -> Riesgo Bajo | N10: Entidad | O10: ETAPA PLANEACION: Revisión y apoyo jurídico a las dependencias que solicitan la contratación, aclarando los requisitos y la aplicabilidad de cada una de las modalidades de selección. | P10: 1 | Q10: 1 | R10: =+P10+Q10 -> 2 | S10: =VLOOKUP('Matriz de Riesgos (2)'!R10,'Tipos de Riesgo'!$A$34:$B$42,2,FALSE) -> Riesgo Bajo | T10: Eventualmente | U10: Grupo de Contratos | V10: Inicio etapa precontractual | W10: Finalización etapa precontractual | X10: Registro en la lista de verificación | Y10: Finalizada la etapa de planeación
A11: 2 | B11: General | C11: Interno | D11: Planeación | E11: Operacional | F11: Se presenta cuando el presupuesto planificado no corresponde al valor real del diseño a realizar | G11: Imposibilidad para que se presenten oferentes y puede generar la declaratoria de desierta del proceso. | H11: =VLOOKUP(I11,'[1]Tipos de Riesgo'!$A$17:$B$21,2,FALSE) -> Improbable | I11: 2 | J11: =VLOOKUP(K11,'[1]Tipos de Riesgo'!$A$26:$B$30,2,FALSE) -> Mayor | K11: 4 | L11: =+I11+K11 -> 6 | M11: =VLOOKUP('Matriz de Riesgos (2)'!L11,'Tipos de Riesgo'!$A$34:$B$42,2,FALSE) -> Riesgo Alto | N11: Entidad | O11: ETAPA PLANEACION: Se debe efectuar un estudio de mercado, conforme al objeto a contratar, aplicando las variables que correspondan, que permita establecer de manera real el valor del diseño a realizar. | P11: 1 | Q11: 1 | R11: =+P11+Q11 -> 2 | S11: =VLOOKUP('Matriz de Riesgos (2)'!R11,'Tipos de Riesgo'!$A$34:$B$42,2,FALSE) -> Riesgo Bajo | T11: Eventualmente | U11: Área Técnica que genera la necesidad | V11: Inicio etapa precontractual | W11: Hasta la ejecución | X11: Registro en la lista de verificación | Y11: Finalizada la etapa de planeación
A12: 3 | B12: General | C12: Externo | D12: Selección | E12: Tecnológicos | F12: Cuando se presentan fallas en la disponibilidad del Sistema de Contratación Pública – SECOP II (www.colombiacompra.gov.co) | G12: Retraso o incumplimiento de los plazos legales para la publicación de los actos y/o documentos derivados de los procesos contractuales | H12: =VLOOKUP(I12,'[1]Tipos de Riesgo'!$A$17:$B$21,2,FALSE) -> Posible | I12: 3 | J12: =VLOOKUP(K12,'[1]Tipos de Riesgo'!$A$26:$B$30,2,FALSE) -> Menor | K12: 2 | L12: =+I12+K12 -> 5 | M12: =VLOOKUP('Matriz de Riesgos (2)'!L12,'Tipos de Riesgo'!$A$34:$B$42,2,FALSE) -> Riesgo Medio | N12: Entidad | O12: ETAPA PLANEACION: Elaboración de un cronograma con plazos que permitan tener movilidad en caso de fallas del SECOP II. | P12: 3 | Q12: 1 | R12: =+P12+Q12 -> 4 | S12: =VLOOKUP('Matriz de Riesgos (2)'!R12,'Tipos de Riesgo'!$A$34:$B$42,2,FALSE) -> Riesgo Bajo | T12: No | U12: Grupo Contratos | V12: Inicio etapa precontractual | W12: Finalización etapa precontractual | X12: Registro en la lista de verificación | Y12: Finalizada la etapa de selección
A13: 4 | B13: General | C13: Externo | D13: Contratación | E13: Operacional | F13: Se presenta cuando el contratista Seleccionado no firma el contrato en el plazo establecido y/o se retrasa en la constitución y presentación de las garantías que amparan el cumplimiento del contrato. | G13: Retraso en el inicio de la ejecución del contrato y afectación en el logro de los objetivos y satisfacción de la necesidad propuesta. | H13: =VLOOKUP(I13,'[1]Tipos de Riesgo'!$A$17:$B$21,2,FALSE) -> Improbable | I13: 2 | J13: =VLOOKUP(K13,'[1]Tipos de Riesgo'!$A$26:$B$30,2,FALSE) -> Moderado | K13: 3 | L13: =+I13+K13 -> 5 | M13: =VLOOKUP('Matriz de Riesgos (2)'!L13,'Tipos de Riesgo'!$A$34:$B$42,2,FALSE) -> Riesgo Medio | N13: Contratista | O13: ETAPA PLANEACION: Se establecen plazos perentorios para el perfeccionamiento y ejecución del contrato. | P13: 1 | Q13: 2 | R13: =+P13+Q13 -> 3 | S13: =VLOOKUP('Matriz de Riesgos (2)'!R13,'Tipos de Riesgo'!$A$34:$B$42,2,FALSE) -> Riesgo Bajo | T13: No, genera retrasos | U13: Grupo de Contratos | V13: Inicio etapa precontractual | W13: Finalización etapa precontractual | X13: Registro en la lista de verificación | Y13: Finalizada la etapa de contratación
A14: 5 | B14: General | C14: Interno | D14: Ejecución | E14: Operacionales | F14: Errores involuntarios que hayan quedado en los pliegos de condiciones, unidades, cantidades, especificaciones, descripción del proyecto y/o estudios previos, operaciones aritméticas, etc. | G14: Hace referencia a cualquier error que se pueda presentar en los estudios previos realizados que puede afectar la ejecución,. | H14: =VLOOKUP(I14,'[1]Tipos de Riesgo'!$A$17:$B$21,2,FALSE) -> Posible | I14: 3 | J14: =VLOOKUP(K14,'[1]Tipos de Riesgo'!$A$26:$B$30,2,FALSE) -> Moderado | K14: 3 | L14: =+I14+K14 -> 6 | M14: =VLOOKUP('Matriz de Riesgos (2)'!L14,'Tipos de Riesgo'!$A$34:$B$42,2,FALSE) -> Riesgo Alto | N14: Entidad | O14: ETAPA PLANEACION: Para establecer el presupuesto del contrato se tuvo en cuenta cantidades estimadas las cuales se advierte pueden tener variaciones por ser estimadas. | P14: 1 | Q14: 2 | R14: =+P14+Q14 -> 3 | S14: =VLOOKUP('Matriz de Riesgos (2)'!R14,'Tipos de Riesgo'!$A$34:$B$42,2,FALSE) -> Riesgo Bajo | T14: Eventualmente | U14: Supervisor del contrato | V14: Ejecución contractual | W14: Finalización etapa precontractual | X14: Registro en la lista de verificación | Y14: Finalizada la etapa de ejecución
A15: 6 | B15: General | C15: Externa | D15: Ejecución | E15: Operacionales | F15: Errores cometidos por los contratistas en la elaboración de las propuestas y/o en los documentos requeridos en los Pliegos de Condiciones; o errores cometidos en documentos elaborados por el contratista durante la ejecución del contrato. | G15: Afectación equilibrio contractual | H15: =VLOOKUP(I15,'[1]Tipos de Riesgo'!$A$17:$B$21,2,FALSE) -> Raro | I15: 1 | J15: =VLOOKUP(K15,'[1]Tipos de Riesgo'!$A$26:$B$30,2,FALSE) -> Menor | K15: 2 | L15: =+I15+K15 -> 3 | M15: =VLOOKUP('Matriz de Riesgos (2)'!L15,'Tipos de Riesgo'!$A$34:$B$42,2,FALSE) -> Riesgo Bajo | N15: Contratista | O15: ETAPA PLANEACION: Incluir como obligatoria la visita técnica al lugar del diseño. | P15: 1 | Q15: 1 | R15: =+P15+Q15 -> 2 | S15: =VLOOKUP('Matriz de Riesgos (2)'!R15,'Tipos de Riesgo'!$A$34:$B$42,2,FALSE) -> Riesgo Bajo | T15: Eventualmente | U15: Supervisor del contrato | V15: Ejecución contractual | W15: Finalización etapa ejecución | X15: Registro en la lista de verificación | Y15: Finalizada la etapa de ejecución
A16: 7 | B16: General | C16: Interno | D16: Ejecución | E16: Operacional | F16: Demoras por parte de la Entidad en las aprobaciones previas de los productos y/o servicios desarrollados por el contratista. | G16: Afecta el cumplimiento de las obligaciones del contratante a cargo del Supervisor del contrato, relacionadas con la aprobación de productos y/o informes. | H16: =VLOOKUP(I16,'[1]Tipos de Riesgo'!$A$17:$B$21,2,FALSE) -> Posible | I16: 3 | J16: =VLOOKUP(K16,'[1]Tipos de Riesgo'!$A$26:$B$30,2,FALSE) -> Moderado | K16: 3 | L16: =+I16+K16 -> 6 | M16: =VLOOKUP('Matriz de Riesgos (2)'!L16,'Tipos de Riesgo'!$A$34:$B$42,2,FALSE) -> Riesgo Alto | N16: Entidad | O16: ETAPA CONTRATACION: Revisión y aprobación oportuna de la documentación inherente a los productos e informes del contrato. | P16: 2 | Q16: 2 | R16: =+P16+Q16 -> 4 | S16: =VLOOKUP('Matriz de Riesgos (2)'!R16,'Tipos de Riesgo'!$A$34:$B$42,2,FALSE) -> Riesgo Bajo | T16: Eventualmente | U16: Supervisor del contrato | V16: Ejecución contractual | W16: Finalización etapa ejecución | X16: Registro en la lista de verificación | Y16: Finalizada la etapa de ejecución
A17: 8 | B17: General | C17: Externo | D17: Ejecución | E17: Operacional | F17: Demoras por parte del contratista en las entregas de productos y/o informes. | G17: Afecta el cumplimiento de las obligaciones del contratista. | H17: =VLOOKUP(I17,'[1]Tipos de Riesgo'!$A$17:$B$21,2,FALSE) -> Posible | I17: 3 | J17: =VLOOKUP(K17,'[1]Tipos de Riesgo'!$A$26:$B$30,2,FALSE) -> Moderado | K17: 3 | L17: =+I17+K17 -> 6 | M17: =VLOOKUP('Matriz de Riesgos (2)'!L17,'Tipos de Riesgo'!$A$34:$B$42,2,FALSE) -> Riesgo Alto | N17: Entidad y contratista | O17: ETAPA CONTRATACION: Aplicación inmediata de los procedimientos para evitar la paralización del contrato y en caso de ser procedente la aplicación de las sanciones correspondientes | P17: 2 | Q17: 3 | R17: =+P17+Q17 -> 5 | S17: =VLOOKUP('Matriz de Riesgos (2)'!R17,'Tipos de Riesgo'!$A$34:$B$42,2,FALSE) -> Riesgo Medio | T17: Eventualmente | U17: Contratista | V17: Ejecución contractual | W17: Finalización etapa ejecución | X17: Registro en la lista de verificación | Y17: Finalizada la etapa de ejecución
A18: 9 | B18: General | C18: Externo | D18: Ejecución | E18: Regulatorio | F18: Expedición de normas que impongan nuevos tributos, impuestos o cargas parafiscales, que pueden afectar el equilibrio económico del contrato. | G18: Genera una carga adicional a las previstas, que puede afectar a cualquiera o a las dos partes del contrato. No obstante es poco probable por la duración y naturaleza del contrato | H18: =VLOOKUP(I18,'[1]Tipos de Riesgo'!$A$17:$B$21,2,FALSE) -> Raro | I18: 1 | J18: =VLOOKUP(K18,'[1]Tipos de Riesgo'!$A$26:$B$30,2,FALSE) -> Moderado | K18: 3 | L18: =+I18+K18 -> 4 | M18: =VLOOKUP('Matriz de Riesgos (2)'!L18,'Tipos de Riesgo'!$A$34:$B$42,2,FALSE) -> Riesgo Bajo | N18: Entidad y contratista | O18: ETAPA CONTRATACION: Aplicación inmediata de las disposiciones legales y ajuste de los procesos internos de la entidad. | P18: 2 | Q18: 1 | R18: =+P18+Q18 -> 3 | S18: =VLOOKUP('Matriz de Riesgos (2)'!R18,'Tipos de Riesgo'!$A$34:$B$42,2,FALSE) -> Riesgo Bajo | T18: Eventualmente | U18: Contratista y entidad | V18: Ejecución contractual | W18: Finalización etapa ejecución | X18: Registro en la lista de verificación | Y18: Finalizada la etapa de ejecución
A19: 10 | B19: Especifico | C19: Externo | D19: Ejecución | E19: Operacional | F19: No pago oportuno, por parte del contratista, a toda clase de proveedores en relación con compras, alquileres, servicios, contratos, etc. | G19: Las consecuencias son demandas hacia el contratista, que pueden desgastar a la entidad en procesos jurídicos. | H19: =VLOOKUP(I19,'[1]Tipos de Riesgo'!$A$17:$B$21,2,FALSE) -> Improbable | I19: 2 | J19: =VLOOKUP(K19,'[1]Tipos de Riesgo'!$A$26:$B$30,2,FALSE) -> Insignificante | K19: 1 | L19: =+I19+K19 -> 3 | M19: =VLOOKUP('Matriz de Riesgos (2)'!L19,'Tipos de Riesgo'!$A$34:$B$42,2,FALSE) -> Riesgo Bajo | N19: Contratista | O19: ETAPA CONTRATACION: Aplicación de control por el supervisor durante la ejecución del contrato, para los pagos y solicitar para la liquidación los paz y salvos correspondientes. Incluir póliza de pago se salarios y seguridad social . | P19: 1 | Q19: 2 | R19: =+P19+Q19 -> 3 | S19: =VLOOKUP('Matriz de Riesgos (2)'!R19,'Tipos de Riesgo'!$A$34:$B$42,2,FALSE) -> Riesgo Bajo | T19: Eventualmente | U19: Contratista y Supervisor | V19: Ejecución Contractual | W19: Liquidación del contrato | X19: Registro en la lista de verificación | Y19: Finalizada la etapa de ejecución
A20: 11 | B20: Especifico | C20: Externo | D20: Ejecución | E20: Operacional | F20: Errores cometidos por los contratistas en la elaboración de las actas y/o cuentas que ocasionan demoras en su radicación. | G20: Demora en los pagos que puede afectar el desarrollo normal del contrato | H20: =VLOOKUP(I20,'[1]Tipos de Riesgo'!$A$17:$B$21,2,FALSE) -> Improbable | I20: 2 | J20: =VLOOKUP(K20,'[1]Tipos de Riesgo'!$A$26:$B$30,2,FALSE) -> Menor | K20: 2 | L20: =+I20+K20 -> 4 | M20: =VLOOKUP('Matriz de Riesgos (2)'!L20,'Tipos de Riesgo'!$A$34:$B$42,2,FALSE) -> Riesgo Bajo | N20: Contratista | O20: ETAPA EJECUCIÓN: Revisión rápida de documentos radicados por el Contratista previo a la entrega en el área de pagos, para solicitar los ajustes correspondientes a la mayor brevedad posible | P20: 1 | Q20: 1 | R20: =+P20+Q20 -> 2 | S20: =VLOOKUP('Matriz de Riesgos (2)'!R20,'Tipos de Riesgo'!$A$34:$B$42,2,FALSE) -> Riesgo Bajo | T20: Eventualmente | U20: Contratista y Supervisor | V20: Ejecución Contractual | W20: Liquidación del contrato | X20: Registro en la lista de verificación | Y20: Finalizada la etapa de ejecución
A21: 12 | B21: Especifico | C21: Externo | D21: Ejecución | E21: Operacional | F21: Cuando en el sector objeto del estudio y/o diseño se presentan condiciones sociales o de seguridad que afectan el desarrollo de las actividades de campo fundamentales para el desarrollo del contrato | G21: Demora en la ejecución de las actividades de toma de información, que puede afectar el desarrollo normal del contrato, requiriendo prórrogas o suspensiones | H21: =VLOOKUP(I21,'[1]Tipos de Riesgo'!$A$17:$B$21,2,FALSE) -> Posible | I21: 3 | J21: =VLOOKUP(K21,'[1]Tipos de Riesgo'!$A$26:$B$30,2,FALSE) -> Moderado | K21: 3 | L21: =+I21+K21 -> 6 | M21: =VLOOKUP('Matriz de Riesgos (2)'!L21,'Tipos de Riesgo'!$A$34:$B$42,2,FALSE) -> Riesgo Alto | N21: Entidad y contratista | O21: ETAPA EJECUCIÓN: Reuniones con comunidad y con actores sociales del sector, sensibilizando sobre la importancia de los estudios y/o diseños a realizar. Identificación adecuada del contratista y acompañamiento en campo permanente de personal que pueda explicar el alcance del estudio y facilitar la interacción con la comunidad | P21: 3 | Q21: 2 | R21: =+P21+Q21 -> 5 | S21: =VLOOKUP('Matriz de Riesgos (2)'!R21,'Tipos de Riesgo'!$A$34:$B$42,2,FALSE) -> Riesgo Medio | T21: Eventualmente | U21: Contratista y Supervisor | V21: Inicio ejecución contractual | W21: Finalización etapa ejecución | X21: Registro en la lista de verificación | Y21: Finalizada la etapa de ejecución
... A27: 18 | B27: Especifico | C27: Externo | D27: Ejecución | E27: De la Naturaleza | F27: Atraso en el cumplimiento del cronograma de trabajo por causas externas asociadas a condiciones hidrometeorológicas, que no permitan la ejecución de la totalidad de los trabajos de campo | G27: Suspensión del contrato, prorrogas al contrato, posible incumplimiento del contrato. | H27: =VLOOKUP(I27,'[1]Tipos de Riesgo'!$A$17:$B$21,2,FALSE) -> Posible | I27: 3 | J27: =VLOOKUP(K27,'[1]Tipos de Riesgo'!$A$26:$B$30,2,FALSE) -> Moderado | K27: 3 | L27: =+I27+K27 -> 6 | M27: =VLOOKUP('Matriz de Riesgos (2)'!L27,'Tipos de Riesgo'!$A$34:$B$42,2,FALSE) -> Riesgo Alto | N27: Entidad y contratista | O27: ETAPA EJECUCIÓN: Seguimiento por parte de la supervisión de acuerdo con los criterios técnicos, realización de labores preliminares y de planeación de los trabajos de campo, que permitan minimizar la probabilidad quedan verse afectadas por condiciones hidrometeorológicas | P27: 3 | Q27: 2 | R27: =+P27+Q27 -> 5 | S27: =VLOOKUP('Matriz de Riesgos (2)'!R27,'Tipos de Riesgo'!$A$34:$B$42,2,FALSE) -> Riesgo Medio | T27: Eventualmente | U27: Contratista y Supervisor | V27: Ejecución Contractual | W27: Finalización etapa ejecución | X27: Registro en la lista de verificación | Y27: Finalizada la etapa de ejecución
A28: 19 | D28: Ejecución | E28: Operacional | F28: Demoras en la recopilación de información existente necesaria para los análisis geotécnicos | G28: Suspensión del contrato, prorrogas al contrato, posible incumplimiento del contrato. | H28: =VLOOKUP(I28,'[1]Tipos de Riesgo'!$A$17:$B$21,2,FALSE) -> Posible | I28: 3 | J28: =VLOOKUP(K28,'[1]Tipos de Riesgo'!$A$26:$B$30,2,FALSE) -> Moderado | K28: 3 | L28: =+I28+K28 -> 6 | M28: =VLOOKUP('Matriz de Riesgos (2)'!L28,'Tipos de Riesgo'!$A$34:$B$42,2,FALSE) -> Riesgo Alto | N28: Entidad y contratista | O28: ETAPA EJECUCIÓN: Seguimiento por parte de la supervisión de acuerdo con los criterios técnicos, realización de labores preliminares y de planeación de los trabajos de campo, que permitan minimizar la probabilidad quedan verse afectadas por condiciones hidrometeorológicas | P28: 3 | Q28: 2 | R28: =+P28+Q28 -> 5 | S28: =VLOOKUP('Matriz de Riesgos (2)'!R28,'Tipos de Riesgo'!$A$34:$B$42,2,FALSE) -> Riesgo Medio | T28: Eventualmente | U28: Contratista y Supervisor | V28: Ejecución Contractual | W28: Finalización etapa ejecución | X28: Registro en la lista de verificación | Y28: Finalizada la etapa de ejecución
A29: 20 | B29: Especifico | C29: Externo | D29: Ejecución | E29: De la Naturaleza | F29: Aparición de nueva información relevante que debe ser estudiada para la ejecución del contrato, incluyendo nuevos elementos geológicos y/o investigación geotecnica y/o ensayos de laboratorio | G29: Ampliación del plazo de ejecución y aumento en los costos previstos a la consultoría, formalizado por modificaciones contractuales | H29: =VLOOKUP(I29,'[1]Tipos de Riesgo'!$A$17:$B$21,2,FALSE) -> Posible | I29: 3 | J29: =VLOOKUP(K29,'[1]Tipos de Riesgo'!$A$26:$B$30,2,FALSE) -> Moderado | K29: 3 | L29: =+I29+K29 -> 6 | M29: =VLOOKUP('Matriz de Riesgos (2)'!L29,'Tipos de Riesgo'!$A$34:$B$42,2,FALSE) -> Riesgo Alto | N29: Entidad y contratista | O29: ETAPA EJECUCIÓN: Adelantar estudios temáticos y técnicos, con el fin de abordar idóneamente esas novedades y cumplir a cabalidad con el objeto contractual | P29: 3 | Q29: 2 | R29: =+P29+Q29 -> 5 | S29: =VLOOKUP('Matriz de Riesgos (2)'!R29,'Tipos de Riesgo'!$A$34:$B$42,2,FALSE) -> Riesgo Medio | T29: Eventualmente | U29: Contratista y Supervisor | V29: Ejecución Contractual | W29: Finalización etapa ejecución | X29: Registro en la lista de verificación | Y29: Finalizada la etapa de ejecución
A30: 21 | B30: Especifico | C30: Externo | D30: Ejecución | E30: De la Naturaleza | F30: Daños a terceros en el desarrollo de la ejecución contractual, específicamente en la investigación de campo y otros. | G30: Inadecuada o deficiente ejecución del contrato, retrasos en la ejecución y posibles modificaciones contractuales | H30: =VLOOKUP(I30,'[1]Tipos de Riesgo'!$A$17:$B$21,2,FALSE) -> Posible | I30: 3 | J30: Mayor | K30: 4 | L30: =+I30+K30 -> 7 | M30: =VLOOKUP('Matriz de Riesgos (2)'!L30,'Tipos de Riesgo'!$A$34:$B$42,2,FALSE) -> Riesgo Alto | N30: Contratista | O30: ETAPA EJECUCIÓN: Seguimiento por parte de la supervisión de acuerdo con los criterios técnicos, realización de labores preliminares y de planeación de los trabajos de campo, que permitan minimizar la probabilidad de afectaciones | P30: 1 | Q30: 2 | R30: =+P30+Q30 -> 3 | S30: =VLOOKUP('Matriz de Riesgos (2)'!R30,'Tipos de Riesgo'!$A$34:$B$42,2,FALSE) -> Riesgo Bajo | T30: Eventualmente | U30: Contratista | V30: Ejecución Contractual | W30: Finalización etapa ejecución | X30: Registro en la lista de verificación | Y30: Finalizada la etapa de ejecución
A31: 22 | B31: Especifico | C31: Externo | D31: Ejecución | E31: De la Naturaleza | F31: Fluctuación en el costo globales del contrato, que se presenten en la ejecución del contrato por cambio de año. | G31: Sobrecostos y modificaciones contractuales | H31: =VLOOKUP(I31,'[1]Tipos de Riesgo'!$A$17:$B$21,2,FALSE) -> Posible | I31: 3 | J31: =VLOOKUP(K31,'[1]Tipos de Riesgo'!$A$26:$B$30,2,FALSE) -> Moderado | K31: 3 | L31: =+I31+K31 -> 6 | M31: =VLOOKUP('Matriz de Riesgos (2)'!L31,'Tipos de Riesgo'!$A$34:$B$42,2,FALSE) -> Riesgo Alto | N31: Contratista | O31: ETAPA EJECUCIÓN: Seguimiento por parte de la supervisión de acuerdo con los criterios técnicos. | P31: 3 | Q31: 2 | R31: =+P31+Q31 -> 5 | S31: =VLOOKUP('Matriz de Riesgos (2)'!R31,'Tipos de Riesgo'!$A$34:$B$42,2,FALSE) -> Riesgo Medio | T31: Eventualmente | U31: Contratista | V31: Ejecución Contractual | W31: Finalización etapa ejecución | X31: Registro en la lista de verificación | Y31: Finalizada la etapa de ejecución
C33: Fecha de elaboración: 09/09/2025
C35: Elaborado por: | Q35: Aprobado:
C38: Firma: | F38: _______________________________________________________ | Q38: Firma: | S38: _____________________________________________________________
C39: Nombre: | F39: Consuelo Sánchez Vargas | Q39: Nombre: | S39: Darwin Javier Ortiz González
F40: Contratista | S40: Subdirector de Análisis de Riesgos y efectos del Cambio Climático
A43: Nota: Si este documento se encuentra impreso se considera Copia no Controlada. La versión vigente está publicada en el sitio web del Instituto Distrital de la Gestión del Riesgo y Cambio Climático.
